 Dungeon Crawl Stone Soup version 0.22-a0-266-g5fdf0d7 (webtiles) character file.

200 Ghella the Skirmisher (level 5, -4/42 HPs)
             Began as a Mummy Fighter on Mar 8, 2018.
             Slain by Ijustatesigmund's ghost (10 damage)
             ... on level 3 of the Dungeon.
             The game lasted 00:03:47 (3070 turns).

Ghella the Skirmisher (Mummy Fighter)               Turns: 3070, Time: 00:03:48

Health: -4/42      AC:  7    Str: 20    XL:     5   Next: 48%
Magic:  5/5        EV:  7    Int:  7    God:
Gold:   104        SH:  9    Dex: 15    Spells: 4/4 levels left

rFire    x . .     SeeInvis .   a - +0 war axe
rCold    + . .     Gourm    .   c - +0 shield
rNeg     + + +     Faith    .   b - +0 scale mail
rPois    ∞         Spirit   .   e - +0 helmet
rElec    .         Reflect  .   (no cloak)
rCorr    .         Harm     .   (no gloves)
MR       .....                  (no boots)
Stlth    ..........             (no amulet)
HPRegen  0.14/turn              i - +3 ring of dexterity
MPRegen  0.09/turn              (no ring)

@: no status effects
A: no food or potions, fire vulnerability, cold resistance 1, negative energy
resistance 3, torment resistance, unbreathing
a: no special abilities


You were on level 3 of the Dungeon.
You were not hungry.

You visited 1 branch of the dungeon, and saw 3 of its levels.

You collected 104 gold pieces.

Inventory:

Hand Weapons
 a - a +0 war axe (weapon)
Armour
 b - a +0 scale mail (worn)
 c - a +0 shield (worn)
 e - a +0 helmet (worn)
 h - a +0 plate armour
Jewellery
 i - a +3 ring of dexterity (left hand)
Scrolls
 d - 2 scrolls of remove curse {unknown}
 f - 2 scrolls of random uselessness {unknown}
 g - a scroll of immolation {unknown}


   Skills:
 + Level 3.8 Fighting
 + Level 2.8 Axes
 * Level 3.0 Armour
 + Level 0.4 Dodging
 - Level 3.5 Shields


You had 4 spell levels left.
You didn't know any spells.

Dungeon Overview and Level Annotations

Branches:
Dungeon (3/15)

Altars:
Fedhas
Yredelemnul

Annotations:
D:3 Ijustatesigmund's ghost, amateur GrFi


Innate Abilities, Weirdness & Mutations

You do not eat or drink.
Your flesh is vulnerable to fire.
You are immune to poison.
Your flesh is cold resistant. (rC+)
You are immune to negative energy. (rN+++)
You are immune to unholy pain and torment.
You can survive without breathing.


Message History

Ijustatesigmund's ghost hits you!
Your shield and scale mail prevent you from hitting Ijustatesigmund's ghost.
Ijustatesigmund's ghost is moderately damaged.
Ijustatesigmund's ghost hits you but does no damage.
You block Ijustatesigmund's ghost's attack.
You hit Ijustatesigmund's ghost.
Ijustatesigmund's ghost is moderately damaged.
Ijustatesigmund's ghost hits you!
You slash Ijustatesigmund's ghost!
Ijustatesigmund's ghost is severely damaged.
Ijustatesigmund's ghost barely misses you.
Ijustatesigmund's ghost hits you.
You hit Ijustatesigmund's ghost but do no damage.
Ijustatesigmund's ghost is severely damaged.
Ijustatesigmund's ghost hits you!
* * * LOW HITPOINT WARNING * * *
You see here a giant cockroach corpse.
There is a stone staircase leading up here.
Ijustatesigmund's ghost hits you!
You die...

##...### #..# ##### ....##
#.## #...# ...## #.#
#####...# ..##
####.###.......#
..######........##.#####
..#.......########.....#
........## ####........#
....>...####...)..........
#.........##...W@.........
........#..†..............
.............###..........
.#..$(..######..........
...#....(.................
......†..................
......†..........#.....#
.................##..###
.....#.#>.......%. .##


You could see Ijustatesigmund's ghost.

Vanquished Creatures
  A howler monkey (D:2)
  Natasha (thrice) (D:2)
  A gnoll (D:1)
  4 leopard geckos
  2 orcs
  6 bats
  2 giant cockroaches
  10 goblins
  7 hobgoblins
  7 jackals
  4 kobolds
  2 frilled lizards (D:1)
  20 rats
69 creatures vanquished.

Notes
Turn   | Place    | Note
-------+----------+-------------------------------------------
     0 | D:1      | Ghella the Mummy Fighter began the quest for the Orb.
     0 | D:1      | Reached XP level 1. HP: 18/18 MP: 1/1
   201 | D:1      | Reached XP level 2. HP: 22/24 MP: 2/2
   591 | D:1      | Reached XP level 3. HP: 25/29 MP: 3/3
  1779 | D:2      | Noticed Natasha
  2019 | D:2      | Found a basalt altar of Yredelemnul.
  2107 | D:2      | Killed Natasha
  2107 | D:2      | Reached XP level 4. HP: 30/37 MP: 4/4
  2495 | D:2      | Noticed Natasha
  2503 | D:2      | Killed Natasha
  2503 | D:2      | Reached XP level 5. HP: 38/42 MP: 5/5
  2513 | D:2      | Found a blossoming altar of Fedhas.
  2614 | D:2      | Noticed Natasha
  2623 | D:2      | Killed Natasha
  3054 | D:3      | Noticed Ijustatesigmund's ghost (amateur GrFi)
  3070 | D:3      | Slain by Ijustatesigmund's ghost

Vault maps used:
D:1:      erik_arrival_orb_chamber
D:2:      lemuel_coloured_pillars_altar, old_standard_altar, hex_large,
          uniq_natasha

Skill      XL: |  1  2  3  4 |
---------------+-------------+-----
Axes           | 2 |  2.8
Armour         | 3 |  3.0
Shields        | 3 |  3.5
Fighting       | |  3.8
Dodging        | |  0.4

Action                   |  1- 3 |  4- 6 || total
-------------------------+-------+-------++-------
Melee: War axe           |   159 |    51 ||   210
Armor: Scale mail        |    57 |    17 ||    74
Dodge: Dodged            |    50 |    19 ||    69
Block: Shield            |    77 |    24 ||   101

Table legend:
 A = Spawn XP
 B = Non-spawn XP
 C = Spawn XP percentage of total XP
 D = Spawn monster count
 E = Non-spawn monster count
 F = Spawn count percentage of total count
 G = Total turns spent on level
                    A         B        C        D         E        F      G
               +---------+---------+-------+---------+---------+-------+---------
         Total |       0 |     286 |   0.0 |       0 |      69 |   0.0 |  3070
               +---------+---------+-------+---------+---------+-------+---------
           D:1 |       0 |      78 |   0.0 |       0 |      45 |   0.0 |  1919
           D:2 |       0 |     183 |   0.0 |       0 |      12 |   0.0 |   949
           D:3 |       0 |      25 |   0.0 |       0 |      12 |   0.0 |   202
               +---------+---------+-------+---------+---------+-------+---------
